 Dungeon Crawl Stone Soup version 0.27-a0-1147-gb3d8e82157 (webtiles) character file.

Game seed: 11489326543468025035

34 HoaS the Ruffian (level 3, -3/23 HPs)
             Began as a Tengu Berserker on May 11, 2021.
             Was a Believer of Trog.
             Slain by a goblin
             ... wielding a +0 club
              (4 damage)
             ... on level 2 of the Dungeon.
             The game lasted 00:02:33 (1624 turns).

HoaS the Ruffian (Tengu Berserker)                  Turns: 1624, Time: 00:02:34

Health: -3/23      AC:  2    Str: 18    XL:     3   Next: 31%
Magic:  4/4        EV: 12    Int:  7    God:    Trog [**....]
Gold:   10         SH:  0    Dex: 19    Spells: 2/2 levels left

rFire    . . .     SeeInvis .     - Unarmed
rCold    . . .     Faith    .   (no shield)
rNeg     . . .     Spirit   .   a - +0 animal skin
rPois    .         Reflect  .   (helmet restricted)
rElec    .         Harm     .   (no cloak)
rCorr    .         Rampage  .   (no gloves)
Will     .....                  (boots unavailable)
Stlth    ++........             (no amulet)
HPRegen  0.07/turn              e - +6 ring of dexterity
MPRegen  0.09/turn              (no ring)

@: no status effects
A: beak, talons 3
a: Renounce Religion, Berserk, Trog's Hand


You were on level 2 of the Dungeon.
You worshipped Trog.
Trog was pleased with you.
You visited 1 branch of the dungeon, and saw 2 of its levels.

You collected 10 gold pieces.

Inventory:

Armour
 a - a +0 animal skin (worn)
Jewellery
 e - a +6 ring of dexterity (left hand)
Scrolls
 d - 2 scrolls of identify {unknown}
 g - a scroll of vulnerability {unknown}
Potions
 f - 2 potions of might {unknown}
 h - a potion of haste {unknown}


   Skills:
 - Level 3.0 Fighting
 - Level 2.1 Armour
 - Level 2.1 Dodging
 + Level 4.7 Unarmed Combat


You had 2 spell levels left.
You didn't know any spells.
Your spell library was empty.

Dungeon Overview and Level Annotations

Branches:
Dungeon (2/15)

Altars:


Innate Abilities, Weirdness & Mutations

You have a beak for a mouth.
You have claws for feet.


Message History

An orc comes into view. It is wielding a +0 war axe.
The hobgoblin hits you.
A goblin comes into view. It is wielding a +0 club.
Found 24 gold pieces and 31 stones.
A hobgoblin comes into view.
You see here 13 gold pieces.
You barely miss the orc. You claw the orc!
You kill the orc!
Trog accepts your kill. The hobgoblin misses you. The hobgoblin hits you.
You closely miss the hobgoblin. You claw the hobgoblin.
You peck the hobgoblin, but do no damage.
The hobgoblin is lightly wounded.
The hobgoblin completely misses you. The hobgoblin barely misses you.
The goblin hits you but does no damage.
You hit the hobgoblin but do no damage. You claw the hobgoblin.
The hobgoblin is moderately wounded.
The goblin hits you but does no damage. The hobgoblin barely misses you.
The hobgoblin closely misses you. The goblin hits you but does no damage.
You hit the hobgoblin. You claw the hobgoblin.
You kill the hobgoblin!
Trog accepts your kill.
You can now call upon Trog for regeneration and willpower.
The goblin completely misses you. The hobgoblin hits you.
The goblin closely misses you.
You hit the orc. You claw the orc, but do no damage. You peck the orc.
You kill the orc!
Trog accepts your kill. The goblin barely misses you. The hobgoblin hits you.
The goblin hits you with a +0 club.
You hit the orc.
The orc is almost dead.
The goblin barely misses you. The orc hits you with a +0 hand axe.
* * * LOW HITPOINT WARNING * * *
The hobgoblin closely misses you. The goblin barely misses you.
You barely miss the orc. You claw the orc.
You kill the orc!
Trog accepts your kill. The goblin hits you with a +0 club.
You die...

# ## #. #.#
#..###..#.###
#...g@g......
##..g)#.#..##
#.(... #
#.##.#.# #.
.( ## # ##.
#. ##


You could see a hobgoblin and 2 goblins.

Vanquished Creatures
  A dart slug (D:1)
  3 orcs (D:2)
  3 ball pythons
  2 bats (D:1)
  3 endoplasms (D:1)
  A giant cockroach (D:1)
  2 goblins (D:1)
  3 hobgoblins
  2 jackals (D:1)
  A quokka (D:1)
  A frilled lizard (D:1)
  3 kobolds (D:1)
  2 rats (D:1)
27 creatures vanquished.

Notes
Turn   | Place    | Note
-------+----------+-------------------------------------------
     0 | D:1      | HoaS the Tengu Berserker began the quest for the Orb.
     0 | D:1      | Reached XP level 1. HP: 14/14 MP: 2/2
   390 | D:1      | Reached XP level 2. HP: 14/19 MP: 3/3
   648 | D:1      | Reached skill level 4 in Unarmed Combat
  1230 | D:1      | Reached XP level 3. HP: 20/23 MP: 4/4
  1621 | D:2      | Reached ** piety under Trog
  1623 | D:2      | HP: 1/23 [orc/+0 hand axe (5)]
  1624 | D:2      | Slain by a goblin

Illustrated notes

Levels and vault maps discovered:
D:1:      lightli_arrival_farm, layout_basic, corexii_hall_statues_l,
          minivault_11, corner_web_ring
D:2:      layout_rooms, hellmonk_ecumenical_altar_run_dry, grunt_ministairs_1,
          guppyfry_early_orc_mine

Skill      XL: |  1  2 |
---------------+-------+-----
Unarmed Combat | 4 |  4.7
Fighting       | |  3.0
Armour         | |  2.1
Dodging        | |  2.1

Action                   || total
-------------------------++-------
Melee: Unarmed           ||    57
       Kick              ||    18
       Peck              ||    11
  Use: Scroll            ||     2
 Stab: Sleeping          ||     1
Armor: Animal skin       ||    10
Dodge: Dodged            ||    33

Table legend: (Time is in decaauts)
 A = Elapsed time spent in this place.
 B = Non-inter-level travel time spent in this place.
 C = Inter-level travel time spent in this place.
 D = Time resting spent in this place.
 E = Time spent auto-exploring this place.
 F = Levels seen in this place.
 G = Mean time per level.
                   A        B        C        D        E       F      G
               +--------+--------+--------+--------+--------+-----+--------+
         Total |   1644 |   1606 |     38 |    826 |    627 |   2 |  822.0 |
       Dungeon |   1644 |   1606 |     38 |    826 |    627 |   2 |  822.0 |
               +--------+--------+--------+--------+--------+-----+--------+

Top non-repeatable levels by time:
     D:1: 1619 daAuts
     D:2: 24 daAuts
